Jets vs Sharks

Created - October 15 2011 at 12:57

Goals
1 2 3 T
Jets 3 1 0 4
Sharks 0 0 0 0
Shots
1 2 3 T
Jets 10 18 11 39
Sharks 5 9 14 28

Period #1

1. Jets , Martin Erat 2 (Ryan Suter, Christian Ehrhoff) at 1:54 (PP)
2. Jets , Martin Erat 3 (Ryan Suter, Jordan Caron) at 2:18 (PP)
3. Jets , Christian Ehrhoff 2 (Ryan Suter) at 13:51

Penalties :
Johnny Boychuk (SJS) for Hooking (Minor) at 0:15, Alex Tanguay (SJS) for Slashing (Minor) at 1:56, P.K. Subban (WPG) for Tripping (Minor) at 5:54, Marc Staal (WPG) for High sticking (Minor) at 6:48, Blake Comeau (SJS) for Interference (Minor) at 16:13, Brenden Morrow (WPG) for Hooking (Minor) at 18:09

Period #2

4. Jets , Mark Giordano 2 (Martin Erat, James Wisniewski) at 14:21

Penalties :
Marek Zidlicky (SJS) for Holding (Minor) at 2:13, Ryan Malone (WPG) for Hooking (Minor) at 6:30, Mark Giordano (WPG) for Roughing (Minor) at 6:43, P.K. Subban (WPG) for Roughing (Minor) at 14:28, Pierre-Alexandre Parenteau (SJS) for Hooking (Minor) at 16:55

Period #3

No Goal

Penalties :
Ryan Malone (WPG) for Holding (Minor) at 2:55, Brenden Morrow (WPG) for Interference (Minor) at 3:46, P.K. Subban (WPG) for Hooking (Minor) at 7:16, Shane OBrien (SJS) for Hooking (Minor) at 9:11, Mark Stuart (SJS) for Cross-checking (Minor) at 17:25, Nathan Gerbe (WPG) for Hooking (Minor) at 19:34

Goalie Stats

Ilya Bryzgalov (WPG), 28 saves from 28 shots - (1.000), W, 4-1-0, 60:00 minutes
Martin Brodeur (SJS), 35 saves from 39 shots - (0.897), L, 0-5-1, 60:00 minutes

Players Stats

Jets
Player Name              G  A  P  +/- PIM S  H  SB FO    MP 
------------------------------------------------------------
Alex Goligoski           0  0  0   0  0   3  0  1  0/0   7  
Brenden Morrow           0  0  0   1  4   1  2  0  1/3   20 
Brian Boyle              0  0  0   1  0   1  1  0  10/21 9  
Christian Ehrhoff        1  1  2   1  0   4  1  2  0/0   21 
Clarke MacArthur         0  0  0   0  0   1  2  0  0/0   9  
Frans Nielsen            0  0  0   1  0   4  0  0  6/11  12 
James Wisniewski         0  1  1   1  0   2  0  1  0/0   16 
Jordan Caron             0  1  1   0  0   4  0  0  4/10  11 
Marc Staal               0  0  0   0  2   0  1  1  0/0   15 
Mark Giordano            1  0  1   1  2   2  1  0  0/0   18 
Martin Erat              2  1  3   1  0   5  0  0  1/1   17 
Mike Ribeiro             0  0  0   0  0   3  1  1  15/32 22 
Nathan Gerbe             0  0  0   0  2   1  0  0  0/1   9  
P.K. Subban              0  0  0   0  6   1  2  2  0/0   20 
Rene Bourque             0  0  0   0  0   3  0  0  0/0   9  
Ryan Callahan            0  0  0   1  0   3  2  0  8/22  22 
Ryan Malone              0  0  0   1  4   0  5  0  0/1   21 
Ryan Suter               0  3  3   1  0   1  0  5  0/0   23 
Sharks
Player Name              G  A  P  +/- PIM S  H  SB FO    MP 
------------------------------------------------------------
Alex Tanguay             0  0  0  -2  2   6  1  0  3/5   20 
Anthony Stewart          0  0  0   0  0   0  0  0  0/0   0  
Blake Comeau             0  0  0   0  2   3  0  0  2/4   13 
Brendan Mikkelson        0  0  0   0  0   0  0  2  0/0   22 
Bryan McCabe             0  0  0   0  0   4  0  3  0/0   22 
Dainius Zubrus           0  0  0  -1  0   0  3  0  3/3   23 
David Moss               0  0  0   0  0   0  1  0  2/6   15 
Eric Belanger            0  0  0   0  0   1  0  0  16/22 17 
Jarret Stoll             0  0  0   0  0   2  3  0  19/29 17 
Jeff Skinner             0  0  0  -1  0   2  2  0  5/5   21 
Johnny Boychuk           0  0  0  -1  2   0  4  2  0/0   23 
Lauri Korpikoski         0  0  0  -1  0   1  3  0  0/0   12 
Marek Zidlicky           0  0  0  -1  2   4  0  0  0/0   21 
Mark Stuart              0  0  0   0  2   0  3  4  0/0   17 
Pierre-Alexandre Parente 0  0  0   0  2   2  0  0  0/0   13 
Shane OBrien             0  0  0  -2  2   1  1  0  0/0   12 
Tyler Ennis              0  0  0  -1  0   2  1  0  7/28  20 
Vladimir Sobotka         0  0  0   0  0   0  0  0  0/0   0  

3 Stars

1 - Ilya Bryzgalov (WPG)
2 - Martin Erat (WPG)
3 - Ryan Suter (WPG)

Power Play

Jets - 2 on 7 Attempt(s) - 28.57%
Sharks - 0 on 10 Attempt(s) - 0.00%

Penalty Kill

Jets - 10 on 10 Attempt(s) - 100.00% - Score 0 goal in Penalty Kill
Sharks - 5 on 7 Attempt(s) - 71.43% - Score 0 goal in Penalty Kill

Game Notes

No Game Note

Finance

Level 1 -- Attendance: 4427 (68.11%) -- Ticket Income $442,700.00
Level 2 -- Attendance: 3859 (77.18%) -- Ticket Income $231,540.00
Level 3 -- Attendance: 3182 (90.91%) -- Ticket Income $111,370.00
Level 4 -- Attendance: 1496 (100.00%) -- Ticket Income $29,920.00
Luxury Box -- Attendance: 708 (70.80%) -- Ticket Income $141,600.00
Game was played at the HP Pavilion center
Total Attendance: 13672 (78.14%)
Total Ticket Income: $1,015,287.00
Other Income: $207,713.40
Total Income: $1,223,000.00


Play by Play

Period #1

0:01 of 1st period - Brian Boyle wins face-off versus Tyler Ennis in neutral zone.
0:15 of 1st period - Minor Penalty to Johnny Boychuk for Hooking.
0:16 of 1st period - Jarret Stoll wins face-off versus Jordan Caron in Sharks zone.
0:32 of 1st period - Shot by Martin Erat.
0:32 of 1st period - Stopped by Martin Brodeur without a rebound.
0:33 of 1st period - Mike Ribeiro wins face-off versus Eric Belanger in Sharks zone.
1:15 of 1st period - Shot by James Wisniewski.
1:15 of 1st period - Deflect By Brenden Morrow.
1:15 of 1st period - Shot Misses the Net.
1:39 of 1st period - Icing by Ryan Suter.
1:40 of 1st period - Jordan Caron wins face-off versus Eric Belanger in Jets zone.
1:40 of 1st period - Jordan Caron is hit by Lauri Korpikoski.
1:54 of 1st period - Shot by Martin Erat.
1:54 of 1st period - Goal by Martin Erat - Jets : 1 - Sharks : 0.
1:55 of 1st period - Mike Ribeiro wins face-off versus Tyler Ennis in neutral zone.
1:55 of 1st period - Mike Ribeiro is hit by Alex Tanguay.
1:56 of 1st period - Minor Penalty to Alex Tanguay for Slashing.
1:57 of 1st period - Eric Belanger wins face-off versus Jordan Caron in Sharks zone.
2:18 of 1st period - Shot by Martin Erat.
2:18 of 1st period - Goal by Martin Erat - Jets : 2 - Sharks : 0.
2:19 of 1st period - Mike Ribeiro wins face-off versus Tyler Ennis in neutral zone.
2:42 of 1st period - Shot by Rene Bourque.
2:42 of 1st period - Deflect By Mike Ribeiro.
2:42 of 1st period - Stopped by Martin Brodeur without a rebound.
2:43 of 1st period - Eric Belanger wins face-off versus Brian Boyle in Sharks zone.
3:29 of 1st period - Icing by Christian Ehrhoff.
3:30 of 1st period - Alex Tanguay wins face-off versus Brian Boyle in Jets zone.
3:30 of 1st period - Alex Tanguay is hit by Christian Ehrhoff.
3:36 of 1st period - Shot by Tyler Ennis.
3:36 of 1st period - Deflect By Jeff Skinner.
3:36 of 1st period - Shot Misses the Net.
3:39 of 1st period - Icing by Ryan Callahan.
3:40 of 1st period - Brian Boyle wins face-off versus Jarret Stoll in Jets zone.
4:20 of 1st period - Shot by Frans Nielsen.
4:20 of 1st period - Stopped by Martin Brodeur without a rebound.
4:21 of 1st period - Mike Ribeiro wins face-off versus Tyler Ennis in Sharks zone.
4:29 of 1st period - Icing by Brendan Mikkelson.
4:30 of 1st period - Jeff Skinner wins face-off versus Mike Ribeiro in Sharks zone.
4:41 of 1st period - Shot by Jeff Skinner.
4:41 of 1st period - Shot Misses the Net.
5:01 of 1st period - Icing by Brendan Mikkelson.
5:02 of 1st period - Frans Nielsen wins face-off versus Tyler Ennis in Sharks zone.
5:44 of 1st period - Shot by Shane OBrien.
5:44 of 1st period - Stopped by Ilya Bryzgalov without a rebound.
5:45 of 1st period - Eric Belanger wins face-off versus Brian Boyle in Jets zone.
5:46 of 1st period - Shot by Bryan McCabe.
5:46 of 1st period - Shot Misses the Net.
5:54 of 1st period - Minor Penalty to P.K. Subban for Tripping.
5:55 of 1st period - Jarret Stoll wins face-off versus Ryan Callahan in Jets zone.
6:25 of 1st period - Icing by Marek Zidlicky.
6:26 of 1st period - Mike Ribeiro wins face-off versus Jarret Stoll in Sharks zone.
6:46 of 1st period - Bryan McCabe is hit by Marc Staal and loses puck.
6:48 of 1st period - Minor Penalty to Marc Staal for High sticking.
6:49 of 1st period - Ryan Callahan wins face-off versus Tyler Ennis in Jets zone.
7:17 of 1st period - Shot by Alex Tanguay.
7:17 of 1st period - Shot Blocked by Ryan Suter.
7:19 of 1st period - Shot by Tyler Ennis.
7:19 of 1st period - Stopped by Ilya Bryzgalov without a rebound.
7:20 of 1st period - Tyler Ennis wins face-off versus Ryan Callahan in Jets zone.
7:27 of 1st period - Shot by Alex Tanguay.
7:27 of 1st period - Deflect By Tyler Ennis.
7:27 of 1st period - Shot Misses the Net.
7:31 of 1st period - Shot by Tyler Ennis.
7:31 of 1st period - Stopped by Ilya Bryzgalov without a rebound.
7:32 of 1st period - Jarret Stoll wins face-off versus Brenden Morrow in Jets zone.
8:42 of 1st period - Icing by Tyler Ennis.
8:43 of 1st period - Alex Tanguay wins face-off versus Mike Ribeiro in Sharks zone.
9:02 of 1st period - Shot by Eric Belanger.
9:02 of 1st period - Stopped by Ilya Bryzgalov without a rebound.
9:03 of 1st period - Eric Belanger wins face-off versus Frans Nielsen in Jets zone.
10:02 of 1st period - Mike Ribeiro is hit by Shane OBrien and loses puck.
11:15 of 1st period - Shot by David Moss.
11:15 of 1st period - Shot Misses the Net.
11:17 of 1st period - Shot by Eric Belanger.
11:17 of 1st period - Shot Blocked by Alex Goligoski.
11:33 of 1st period - Jarret Stoll is hit by Mike Ribeiro and loses puck.
11:45 of 1st period - Shane OBrien is hit by P.K. Subban and loses puck.
12:10 of 1st period - Shot by Tyler Ennis.
12:10 of 1st period - Shot Misses the Net.
12:14 of 1st period - Shot by Alex Tanguay.
12:14 of 1st period - Shot Misses the Net.
12:16 of 1st period - Shot by Jeff Skinner.
12:16 of 1st period - Shot Blocked by P.K. Subban.
13:05 of 1st period - Martin Erat is hit by David Moss and loses puck.
13:43 of 1st period - Icing by Marek Zidlicky.
13:44 of 1st period - Alex Tanguay wins face-off versus Brian Boyle in Sharks zone.
13:51 of 1st period - Shot by Christian Ehrhoff.
13:51 of 1st period - Goal by Christian Ehrhoff - Jets : 3 - Sharks : 0.
13:52 of 1st period - Frans Nielsen wins face-off versus Tyler Ennis in neutral zone.
13:52 of 1st period - Frans Nielsen is hit by Jeff Skinner.
13:59 of 1st period - Martin Erat is hit by Johnny Boychuk and loses puck.
14:06 of 1st period - Shot by Martin Erat.
14:06 of 1st period - Shot Misses the Net.
14:30 of 1st period - James Wisniewski is hit by Johnny Boychuk and loses puck.
14:53 of 1st period - Shot by Ryan Callahan.
14:53 of 1st period - Stopped by Martin Brodeur with a rebound.
14:55 of 1st period - Shot by Ryan Callahan.
14:55 of 1st period - Shot Misses the Net.
14:57 of 1st period - Shot by Nathan Gerbe.
14:57 of 1st period - Stopped by Martin Brodeur without a rebound.
14:58 of 1st period - Brian Boyle wins face-off versus David Moss in Sharks zone.
15:13 of 1st period - Off-side.
15:14 of 1st period - Brenden Morrow wins face-off versus Blake Comeau in neutral zone.
15:14 of 1st period - Rene Bourque is hit by Jarret Stoll and loses puck.
15:19 of 1st period - Shot by Marek Zidlicky.
15:19 of 1st period - Shot Misses the Net.
15:21 of 1st period - Shot by Jarret Stoll.
15:21 of 1st period - Shot Misses the Net.
15:23 of 1st period - Shot by Jarret Stoll.
15:23 of 1st period - Shot Misses the Net.
15:29 of 1st period - Shot by Blake Comeau.
15:29 of 1st period - Stopped by Ilya Bryzgalov without a rebound.
15:30 of 1st period - Brian Boyle wins face-off versus David Moss in Jets zone.
15:30 of 1st period - Brian Boyle is hit by Lauri Korpikoski.
15:44 of 1st period - Shot by Lauri Korpikoski.
15:44 of 1st period - Shot Misses the Net.
15:46 of 1st period - Shot by Lauri Korpikoski.
15:46 of 1st period - Shot Blocked by Christian Ehrhoff.
16:13 of 1st period - Minor Penalty to Blake Comeau for Interference.
16:14 of 1st period - Eric Belanger wins face-off versus Brian Boyle in Sharks zone.
16:39 of 1st period - Christian Ehrhoff is hit by Dainius Zubrus and loses puck.
16:58 of 1st period - Shot by James Wisniewski.
16:58 of 1st period - Stopped by Martin Brodeur without a rebound.
16:59 of 1st period - Eric Belanger wins face-off versus Nathan Gerbe in Sharks zone.
17:24 of 1st period - Shot by Alex Goligoski.
17:24 of 1st period - Stopped by Martin Brodeur without a rebound.
17:25 of 1st period - Jarret Stoll wins face-off versus Jordan Caron in Sharks zone.
17:44 of 1st period - Shot by Martin Erat.
17:44 of 1st period - Shot Misses the Net.
18:09 of 1st period - Minor Penalty to Brenden Morrow for Hooking.
18:10 of 1st period - Mike Ribeiro wins face-off versus Tyler Ennis in Jets zone.
18:19 of 1st period - Icing by Tyler Ennis.
18:20 of 1st period - Jeff Skinner wins face-off versus Ryan Callahan in Sharks zone.
19:47 of 1st period - Off-side.
19:48 of 1st period - Ryan Callahan wins face-off versus Tyler Ennis in neutral zone.
19:54 of 1st period - Icing by Alex Tanguay.
19:55 of 1st period - Ryan Callahan wins face-off versus Tyler Ennis in Sharks zone.

Period #2

0:01 of 2nd period - Tyler Ennis wins face-off versus Ryan Callahan in neutral zone.
0:01 of 2nd period - Alex Tanguay is hit by Ryan Callahan and loses puck.
0:07 of 2nd period - Off-side.
0:08 of 2nd period - Jarret Stoll wins face-off versus Mike Ribeiro in neutral zone.
0:08 of 2nd period - Marek Zidlicky is hit by Ryan Malone and loses puck.
0:43 of 2nd period - Shot by Martin Erat.
0:43 of 2nd period - Shot Blocked by Bryan McCabe.
1:05 of 2nd period - Icing by P.K. Subban.
1:06 of 2nd period - Brian Boyle wins face-off versus Tyler Ennis in Jets zone.
1:11 of 2nd period - Shot by Ryan Callahan.
1:11 of 2nd period - Deflect By Brenden Morrow.
1:11 of 2nd period - Stopped by Martin Brodeur without a rebound.
1:12 of 2nd period - Jeff Skinner wins face-off versus Mike Ribeiro in Sharks zone.
1:28 of 2nd period - Icing by Jeff Skinner.
1:29 of 2nd period - Tyler Ennis wins face-off versus Brian Boyle in Sharks zone.
1:29 of 2nd period - Alex Tanguay is hit by Brian Boyle and loses puck.
1:54 of 2nd period - Shot by Alex Tanguay.
1:54 of 2nd period - Shot Misses the Net.
2:13 of 2nd period - Minor Penalty to Marek Zidlicky for Holding.
2:14 of 2nd period - Jordan Caron wins face-off versus Jarret Stoll in Sharks zone.
2:43 of 2nd period - Shot by Ryan Malone.
2:43 of 2nd period - Shot Misses the Net.
2:45 of 2nd period - Shot by Martin Erat.
2:45 of 2nd period - Shot Misses the Net.
2:47 of 2nd period - Shot by Christian Ehrhoff.
2:47 of 2nd period - Stopped by Martin Brodeur with a rebound.
2:49 of 2nd period - Shot by Jordan Caron.
2:49 of 2nd period - Stopped by Martin Brodeur without a rebound.
2:50 of 2nd period - Mike Ribeiro wins face-off versus Eric Belanger in Sharks zone.
2:51 of 2nd period - Shot by James Wisniewski.
2:51 of 2nd period - Shot Blocked by Brendan Mikkelson.
2:53 of 2nd period - Shot by Ryan Callahan.
2:53 of 2nd period - Stopped by Martin Brodeur without a rebound.
2:54 of 2nd period - Eric Belanger wins face-off versus Mike Ribeiro in Sharks zone.
2:54 of 2nd period - Brendan Mikkelson is hit by Ryan Callahan and loses puck.
4:01 of 2nd period - Shot by Ryan Suter.
4:01 of 2nd period - Shot Blocked by Mark Stuart.
4:03 of 2nd period - Shot by Mark Giordano.
4:03 of 2nd period - Stopped by Martin Brodeur with a rebound.
4:05 of 2nd period - Shot by Jordan Caron.
4:05 of 2nd period - Stopped by Martin Brodeur without a rebound.
4:06 of 2nd period - Jarret Stoll wins face-off versus Mike Ribeiro in Sharks zone.
4:33 of 2nd period - Shot by Nathan Gerbe.
4:33 of 2nd period - Shot Misses the Net.
4:35 of 2nd period - Shot by Rene Bourque.
4:35 of 2nd period - Stopped by Martin Brodeur with a rebound.
5:12 of 2nd period - Mark Giordano is hit by Johnny Boychuk and loses puck.
5:23 of 2nd period - Shot by Ryan Malone.
5:23 of 2nd period - Shot Misses the Net.
5:25 of 2nd period - Shot by Martin Erat.
5:25 of 2nd period - Stopped by Martin Brodeur without a rebound.
5:26 of 2nd period - Brian Boyle wins face-off versus Eric Belanger in Sharks zone.
5:44 of 2nd period - Icing by Mark Stuart.
5:45 of 2nd period - Eric Belanger wins face-off versus Mike Ribeiro in Sharks zone.
5:45 of 2nd period - Eric Belanger is hit by Clarke MacArthur.
6:01 of 2nd period - Shot by Alex Goligoski.
6:01 of 2nd period - Stopped by Martin Brodeur with a rebound.
6:03 of 2nd period - Shot by Jordan Caron.
6:03 of 2nd period - Shot Blocked by Mark Stuart.
6:05 of 2nd period - Shot by Mike Ribeiro.
6:05 of 2nd period - Shot Misses the Net.
6:07 of 2nd period - Shot by Jordan Caron.
6:07 of 2nd period - Stopped by Martin Brodeur without a rebound.
6:08 of 2nd period - Brian Boyle wins face-off versus Tyler Ennis in Sharks zone.
6:19 of 2nd period - Shot by Brian Boyle.
6:19 of 2nd period - Shot Misses the Net.
6:21 of 2nd period - Shot by Ryan Callahan.
6:21 of 2nd period - Deflect By Brian Boyle.
6:21 of 2nd period - Shot Hit the Post.
6:23 of 2nd period - Shot by Brian Boyle.
6:23 of 2nd period - Shot Misses the Net.
6:27 of 2nd period - Shot by Christian Ehrhoff.
6:27 of 2nd period - Stopped by Martin Brodeur without a rebound.
6:28 of 2nd period - Dainius Zubrus wins face-off versus Frans Nielsen in Sharks zone.
6:28 of 2nd period - Jarret Stoll is hit by Ryan Malone and loses puck.
6:30 of 2nd period - Minor Penalty to Ryan Malone for Hooking.
6:31 of 2nd period - Jarret Stoll wins face-off versus Ryan Callahan in Jets zone.
6:32 of 2nd period - Shot by Marek Zidlicky.
6:32 of 2nd period - Shot Blocked by Marc Staal.
6:43 of 2nd period - Minor Penalty to Mark Giordano for Roughing.
6:44 of 2nd period - Tyler Ennis wins face-off versus Brenden Morrow in Jets zone.
6:51 of 2nd period - Shot by Alex Tanguay.
6:51 of 2nd period - Stopped by Ilya Bryzgalov with a rebound.
7:07 of 2nd period - Shot by Alex Tanguay.
7:07 of 2nd period - Stopped by Ilya Bryzgalov without a rebound.
7:08 of 2nd period - Blake Comeau wins face-off versus Ryan Callahan in Jets zone.
8:09 of 2nd period - Shot by Brendan Mikkelson.
8:09 of 2nd period - Shot Blocked by Ryan Suter.
8:11 of 2nd period - Shot by Alex Tanguay.
8:11 of 2nd period - Stopped by Ilya Bryzgalov without a rebound.
8:12 of 2nd period - Ryan Callahan wins face-off versus Tyler Ennis in Jets zone.
8:27 of 2nd period - Shot by Tyler Ennis.
8:27 of 2nd period - Shot Blocked by P.K. Subban.
8:29 of 2nd period - Shot by Shane OBrien.
8:29 of 2nd period - Shot Blocked by Christian Ehrhoff.
8:31 of 2nd period - Shot by Tyler Ennis.
8:31 of 2nd period - Shot Misses the Net.
8:35 of 2nd period - Shot by Alex Tanguay.
8:35 of 2nd period - Stopped by Ilya Bryzgalov without a rebound.
8:36 of 2nd period - Jarret Stoll wins face-off versus Ryan Malone in Jets zone.
9:35 of 2nd period - Eric Belanger is hit by Clarke MacArthur and loses puck.
10:04 of 2nd period - Shot by Clarke MacArthur.
10:04 of 2nd period - Shot Blocked by Mark Stuart.
10:08 of 2nd period - Shot by Clarke MacArthur.
10:08 of 2nd period - Stopped by Martin Brodeur with a rebound.
10:10 of 2nd period - Shot by P.K. Subban.
10:10 of 2nd period - Deflect By Clarke MacArthur.
10:10 of 2nd period - Shot Misses the Net.
10:12 of 2nd period - Shot by Alex Goligoski.
10:12 of 2nd period - Stopped by Martin Brodeur without a rebound.
10:13 of 2nd period - Mike Ribeiro wins face-off versus Tyler Ennis in Sharks zone.
11:02 of 2nd period - Icing by Johnny Boychuk.
11:03 of 2nd period - Frans Nielsen wins face-off versus Tyler Ennis in Sharks zone.
11:11 of 2nd period - Shot by Frans Nielsen.
11:11 of 2nd period - Shot Misses the Net.
11:21 of 2nd period - Shot by Mark Giordano.
11:21 of 2nd period - Shot Blocked by Johnny Boychuk.
11:23 of 2nd period - Shot by Frans Nielsen.
11:23 of 2nd period - Shot Misses the Net.
11:40 of 2nd period - Alex Tanguay is hit by Mark Giordano and loses puck.
11:59 of 2nd period - Shot by Blake Comeau.
11:59 of 2nd period - Deflect By Lauri Korpikoski.
11:59 of 2nd period - Shot Misses the Net.
12:19 of 2nd period - Shot by Ryan Callahan.
12:19 of 2nd period - Stopped by Martin Brodeur without a rebound.
12:20 of 2nd period - David Moss wins face-off versus Mike Ribeiro in Sharks zone.
12:39 of 2nd period - Shot by David Moss.
12:39 of 2nd period - Shot Misses the Net.
12:46 of 2nd period - Icing by Marc Staal.
12:47 of 2nd period - Eric Belanger wins face-off versus Mike Ribeiro in Jets zone.
13:00 of 2nd period - Shot by Pierre-Alexandre Parenteau.
13:00 of 2nd period - Shot Blocked by Mike Ribeiro.
13:02 of 2nd period - Shot by Pierre-Alexandre Parenteau.
13:02 of 2nd period - Shot Misses the Net.
13:06 of 2nd period - Shot by Pierre-Alexandre Parenteau.
13:06 of 2nd period - Stopped by Ilya Bryzgalov with a rebound.
13:08 of 2nd period - Shot by Eric Belanger.
13:08 of 2nd period - Shot Blocked by Ryan Suter.
13:14 of 2nd period - Shot by Blake Comeau.
13:14 of 2nd period - Stopped by Ilya Bryzgalov without a rebound.
13:15 of 2nd period - Jarret Stoll wins face-off versus Brian Boyle in Jets zone.
13:30 of 2nd period - Shot by Ryan Callahan.
13:30 of 2nd period - Shot Blocked by Bryan McCabe.
13:32 of 2nd period - Shot by Brian Boyle.
13:32 of 2nd period - Stopped by Martin Brodeur without a rebound.
13:33 of 2nd period - Eric Belanger wins face-off versus Frans Nielsen in Sharks zone.
13:59 of 2nd period - Icing by James Wisniewski.
14:00 of 2nd period - Martin Erat wins face-off versus Tyler Ennis in Jets zone.
14:19 of 2nd period - Shot by Martin Erat.
14:19 of 2nd period - Shot Misses the Net.
14:21 of 2nd period - Shot by Mark Giordano.
14:21 of 2nd period - Goal by Mark Giordano - Jets : 4 - Sharks : 0.
14:22 of 2nd period - Jarret Stoll wins face-off versus Brian Boyle in neutral zone.
14:26 of 2nd period - Blake Comeau is hit by P.K. Subban and loses puck.
14:28 of 2nd period - Minor Penalty to P.K. Subban for Roughing.
14:29 of 2nd period - Ryan Callahan wins face-off versus Jarret Stoll in Jets zone.
14:42 of 2nd period - Shot by Jarret Stoll.
14:42 of 2nd period - Shot Blocked by Ryan Suter.
14:51 of 2nd period - Icing by Jarret Stoll.
14:52 of 2nd period - Jarret Stoll wins face-off versus Mike Ribeiro in Sharks zone.
14:59 of 2nd period - Shot by Marek Zidlicky.
14:59 of 2nd period - Stopped by Ilya Bryzgalov with a rebound.
15:10 of 2nd period - Icing by Bryan McCabe.
15:11 of 2nd period - Blake Comeau wins face-off versus Ryan Callahan in Sharks zone.
16:55 of 2nd period - Minor Penalty to Pierre-Alexandre Parenteau for Hooking.
16:56 of 2nd period - Jarret Stoll wins face-off versus Jordan Caron in Sharks zone.
17:05 of 2nd period - Shane OBrien is hit by Ryan Malone.
18:50 of 2nd period - Shot by Ryan Callahan.
18:50 of 2nd period - Shot Misses the Net.
19:18 of 2nd period - Shot by Rene Bourque.
19:18 of 2nd period - Stopped by Martin Brodeur with a rebound.
19:20 of 2nd period - Shot by Frans Nielsen.
19:20 of 2nd period - Stopped by Martin Brodeur without a rebound.
19:21 of 2nd period - Dainius Zubrus wins face-off versus Jordan Caron in Sharks zone.
19:32 of 2nd period - Shot by Marek Zidlicky.
19:32 of 2nd period - Deflect By Lauri Korpikoski.
19:32 of 2nd period - Stopped by Ilya Bryzgalov without a rebound.
19:33 of 2nd period - Frans Nielsen wins face-off versus Tyler Ennis in Jets zone.
19:44 of 2nd period - Shot by Tyler Ennis.
19:44 of 2nd period - Shot Misses the Net.
19:48 of 2nd period - Shot by Alex Tanguay.
19:48 of 2nd period - Stopped by Ilya Bryzgalov with a rebound.
19:50 of 2nd period - Shot by Jeff Skinner.
19:50 of 2nd period - Shot Blocked by James Wisniewski.

Period #3

0:01 of 3rd period - Brian Boyle wins face-off versus Tyler Ennis in neutral zone.
0:19 of 3rd period - Shot by Brenden Morrow.
0:19 of 3rd period - Shot Blocked by Brendan Mikkelson.
1:09 of 3rd period - Shot by Blake Comeau.
1:09 of 3rd period - Deflect By Jarret Stoll.
1:09 of 3rd period - Shot Misses the Net.
1:11 of 3rd period - Shot by Bryan McCabe.
1:11 of 3rd period - Stopped by Ilya Bryzgalov without a rebound.
1:12 of 3rd period - Frans Nielsen wins face-off versus Eric Belanger in Jets zone.
1:16 of 3rd period - James Wisniewski is hit by Mark Stuart and loses puck.
1:27 of 3rd period - Shot by Eric Belanger.
1:27 of 3rd period - Shot Misses the Net.
1:29 of 3rd period - Shot by Pierre-Alexandre Parenteau.
1:29 of 3rd period - Stopped by Ilya Bryzgalov without a rebound.
1:30 of 3rd period - Mike Ribeiro wins face-off versus David Moss in Jets zone.
1:47 of 3rd period - Shot by Rene Bourque.
1:47 of 3rd period - Shot Misses the Net.
2:50 of 3rd period - Shot by Ryan Malone.
2:50 of 3rd period - Shot Blocked by Johnny Boychuk.
2:55 of 3rd period - Minor Penalty to Ryan Malone for Holding.
2:56 of 3rd period - Jarret Stoll wins face-off versus Ryan Callahan in Jets zone.
2:57 of 3rd period - Shot by Bryan McCabe.
2:57 of 3rd period - Stopped by Ilya Bryzgalov without a rebound.
2:58 of 3rd period - Jarret Stoll wins face-off versus Ryan Callahan in Jets zone.
3:01 of 3rd period - Shot by Blake Comeau.
3:01 of 3rd period - Shot Misses the Net.
3:03 of 3rd period - Shot by Marek Zidlicky.
3:03 of 3rd period - Stopped by Ilya Bryzgalov without a rebound.
3:04 of 3rd period - Ryan Callahan wins face-off versus Jarret Stoll in Jets zone.
3:25 of 3rd period - Shot by Bryan McCabe.
3:25 of 3rd period - Stopped by Ilya Bryzgalov with a rebound.
3:27 of 3rd period - Shot by Marek Zidlicky.
3:27 of 3rd period - Stopped by Ilya Bryzgalov without a rebound.
3:28 of 3rd period - Mike Ribeiro wins face-off versus Tyler Ennis in Jets zone.
3:46 of 3rd period - Minor Penalty to Brenden Morrow for Interference.
3:47 of 3rd period - Jarret Stoll wins face-off versus Ryan Callahan in Jets zone.
3:56 of 3rd period - Shot by Marek Zidlicky.
3:56 of 3rd period - Stopped by Ilya Bryzgalov without a rebound.
3:57 of 3rd period - Mike Ribeiro wins face-off versus Jarret Stoll in Jets zone.
4:22 of 3rd period - Shot by Dainius Zubrus.
4:22 of 3rd period - Shot Misses the Net.
4:46 of 3rd period - Mike Ribeiro is hit by Jeff Skinner and loses puck.
4:57 of 3rd period - Shot by Jeff Skinner.
4:57 of 3rd period - Stopped by Ilya Bryzgalov without a rebound.
4:58 of 3rd period - Tyler Ennis wins face-off versus Ryan Callahan in Jets zone.
4:59 of 3rd period - Shot by Alex Tanguay.
4:59 of 3rd period - Stopped by Ilya Bryzgalov without a rebound.
5:00 of 3rd period - Jeff Skinner wins face-off versus Mike Ribeiro in Jets zone.
5:48 of 3rd period - Shot by Jarret Stoll.
5:48 of 3rd period - Shot Misses the Net.
6:15 of 3rd period - Shot by Mike Ribeiro.
6:15 of 3rd period - Shot Blocked by Mark Stuart.
6:19 of 3rd period - Shot by Mike Ribeiro.
6:19 of 3rd period - Shot Blocked by Bryan McCabe.
6:21 of 3rd period - Shot by Jordan Caron.
6:21 of 3rd period - Stopped by Martin Brodeur with a rebound.
6:23 of 3rd period - Shot by Mike Ribeiro.
6:23 of 3rd period - Stopped by Martin Brodeur without a rebound.
6:24 of 3rd period - David Moss wins face-off versus Frans Nielsen in Sharks zone.
6:24 of 3rd period - David Moss is hit by Ryan Malone.
6:49 of 3rd period - Shot by Frans Nielsen.
6:49 of 3rd period - Stopped by Martin Brodeur without a rebound.
6:50 of 3rd period - Tyler Ennis wins face-off versus Brian Boyle in Sharks zone.
7:16 of 3rd period - Minor Penalty to P.K. Subban for Hooking.
7:17 of 3rd period - Jarret Stoll wins face-off versus Ryan Callahan in Jets zone.
7:31 of 3rd period - Icing by Blake Comeau.
7:32 of 3rd period - Jarret Stoll wins face-off versus Mike Ribeiro in Sharks zone.
7:45 of 3rd period - Shot by Bryan McCabe.
7:45 of 3rd period - Stopped by Ilya Bryzgalov without a rebound.
7:46 of 3rd period - Ryan Callahan wins face-off versus Tyler Ennis in Jets zone.
8:05 of 3rd period - Shot by Alex Tanguay.
8:05 of 3rd period - Shot Misses the Net.
8:07 of 3rd period - Shot by Tyler Ennis.
8:07 of 3rd period - Shot Blocked by Ryan Suter.
8:11 of 3rd period - Shot by Jeff Skinner.
8:11 of 3rd period - Stopped by Ilya Bryzgalov with a rebound.
8:15 of 3rd period - Shot by Alex Tanguay.
8:15 of 3rd period - Deflect By Jeff Skinner.
8:15 of 3rd period - Shot Hit the Post.
9:02 of 3rd period - Icing by Tyler Ennis.
9:03 of 3rd period - Mike Ribeiro wins face-off versus Tyler Ennis in Sharks zone.
9:11 of 3rd period - Minor Penalty to Shane OBrien for Hooking.
9:12 of 3rd period - Jarret Stoll wins face-off versus Ryan Callahan in Sharks zone.
9:16 of 3rd period - Jarret Stoll is hit by Ryan Malone.
9:32 of 3rd period - Shot by Ryan Suter.
9:32 of 3rd period - Shot Misses the Net.
9:34 of 3rd period - Shot by Jordan Caron.
9:34 of 3rd period - Shot Misses the Net.
9:36 of 3rd period - Shot by Ryan Suter.
9:36 of 3rd period - Stopped by Martin Brodeur without a rebound.
9:37 of 3rd period - Eric Belanger wins face-off versus Mike Ribeiro in Sharks zone.
9:46 of 3rd period - Shot by Jarret Stoll.
9:46 of 3rd period - Stopped by Ilya Bryzgalov without a rebound.
9:47 of 3rd period - Eric Belanger wins face-off versus Mike Ribeiro in Jets zone.
10:02 of 3rd period - Off-side.
10:03 of 3rd period - Jordan Caron wins face-off versus Jarret Stoll in neutral zone.
10:23 of 3rd period - Martin Erat is hit by Mark Stuart and loses puck.
10:27 of 3rd period - Martin Erat is hit by Mark Stuart and loses puck.
11:43 of 3rd period - Clarke MacArthur is hit by Johnny Boychuk and loses puck.
12:30 of 3rd period - Off-side.
12:31 of 3rd period - Brian Boyle wins face-off versus Alex Tanguay in neutral zone.
12:34 of 3rd period - Johnny Boychuk is hit by Brenden Morrow and loses puck.
12:47 of 3rd period - P.K. Subban is hit by Tyler Ennis and loses puck.
13:05 of 3rd period - Off-side.
13:06 of 3rd period - Eric Belanger wins face-off versus Frans Nielsen in neutral zone.
13:59 of 3rd period - Icing by Mark Stuart.
14:00 of 3rd period - Eric Belanger wins face-off versus Mike Ribeiro in Sharks zone.
14:29 of 3rd period - Shot by Rene Bourque.
14:29 of 3rd period - Stopped by Martin Brodeur without a rebound.
14:30 of 3rd period - Jeff Skinner wins face-off versus Brian Boyle in Sharks zone.
14:35 of 3rd period - Shot by Christian Ehrhoff.
14:35 of 3rd period - Stopped by Martin Brodeur without a rebound.
14:36 of 3rd period - Brian Boyle wins face-off versus Alex Tanguay in Sharks zone.
15:19 of 3rd period - Shot by Blake Comeau.
15:19 of 3rd period - Stopped by Ilya Bryzgalov without a rebound.
15:20 of 3rd period - Frans Nielsen wins face-off versus David Moss in Jets zone.
15:59 of 3rd period - Shot by Frans Nielsen.
15:59 of 3rd period - Stopped by Martin Brodeur with a rebound.
16:15 of 3rd period - Nathan Gerbe is hit by Dainius Zubrus and loses puck.
16:30 of 3rd period - Shot by Mike Ribeiro.
16:30 of 3rd period - Stopped by Martin Brodeur with a rebound.
16:59 of 3rd period - Off-side.
17:00 of 3rd period - Eric Belanger wins face-off versus Brian Boyle in neutral zone.
17:25 of 3rd period - Minor Penalty to Mark Stuart for Cross-checking.
17:26 of 3rd period - Dainius Zubrus wins face-off versus Jordan Caron in Sharks zone.
17:48 of 3rd period - Shot by Ryan Suter.
17:48 of 3rd period - Shot Misses the Net.
17:52 of 3rd period - Shot by Martin Erat.
17:52 of 3rd period - Stopped by Martin Brodeur without a rebound.
17:53 of 3rd period - Mike Ribeiro wins face-off versus Jarret Stoll in Sharks zone.
17:54 of 3rd period - Shot by P.K. Subban.
17:54 of 3rd period - Stopped by Martin Brodeur without a rebound.
17:55 of 3rd period - Jarret Stoll wins face-off versus Mike Ribeiro in Sharks zone.
18:09 of 3rd period - Shot by James Wisniewski.
18:09 of 3rd period - Stopped by Martin Brodeur without a rebound.
18:10 of 3rd period - Eric Belanger wins face-off versus Mike Ribeiro in Sharks zone.
18:22 of 3rd period - Icing by Ryan Callahan.
18:23 of 3rd period - Mike Ribeiro wins face-off versus Jarret Stoll in Jets zone.
18:23 of 3rd period - Mike Ribeiro is hit by Dainius Zubrus.
18:38 of 3rd period - Icing by P.K. Subban.
18:39 of 3rd period - Mike Ribeiro wins face-off versus Eric Belanger in Jets zone.
18:39 of 3rd period - Mike Ribeiro is hit by Lauri Korpikoski.
18:45 of 3rd period - Eric Belanger is hit by Brenden Morrow and loses puck.
19:19 of 3rd period - Icing by Christian Ehrhoff.
19:20 of 3rd period - Jordan Caron wins face-off versus Jarret Stoll in Jets zone.
19:34 of 3rd period - Minor Penalty to Nathan Gerbe for Hooking.
19:35 of 3rd period - Ryan Callahan wins face-off versus Blake Comeau in Jets zone.
19:35 of 3rd period - Ryan Callahan is hit by Jarret Stoll.
19:45 of 3rd period - Mike Ribeiro is hit by Jarret Stoll and loses puck.
19:50 of 3rd period - Shot by Bryan McCabe.
19:50 of 3rd period - Shot Misses the Net.
19:52 of 3rd period - Shot by Marek Zidlicky.
19:52 of 3rd period - Shot Misses the Net.
19:56 of 3rd period - Shot by Jarret Stoll.
19:56 of 3rd period - Stopped by Ilya Bryzgalov without a rebound.
19:57 of 3rd period - Tyler Ennis wins face-off versus Ryan Callahan in Jets zone.


Output by the SimonT Hockey Simulator (STHS) for Stephane Roy -- Original Page W3C XHTML 1.0 Valid